Map: 凯罗斯中转站-天梯版

Players

Bly

  • Race: Zerg Zerg

Scarlett - Winner!

  • Race: Zerg Zerg
  • League: Diamond

Event: WESG 2018 Grand Finals

VOD

Have the link to the VOD?

Description

Time

  • Played on: March 12, 2019, 8:18 a.m.
  • Length: 9:18

All games in this series

Show
View Real Time Build Order
Export as new Build Order

Bly Zerg 

Build Orders: Pool First 

Get SALT Encoding   

  12  0:17  Spawning Pool  
  11  0:22  Drone  
  11  0:26  Drone  
  13  0:33  Drone  
  14  0:39  Overlord  
  14  1:03  Zergling x4  
  16  1:05  Zergling x2  
  17  1:16  Zergling x2  
  18  1:26  Zergling x2  
  18  1:30  Hatchery  
  18  1:37  Queen  
  20  1:44  Zergling x2  
  21  1:54  Overlord  
  21  2:12  Queen  
  20  2:17  Zergling x4  
  21  2:25  Drone  
  22  2:34  Drone  
  22  2:42  Drone x2  
  24  2:47  Drone x3  
  27  2:55  Drone x2  
  28  3:09  Drone x2  
  30  3:17  Drone x5  
  35  3:20  Extractor  
  34  3:29  Drone x2  
  36  3:35  Extractor  
  36  3:37  Extractor  
  36  3:41  Drone x2  
  36  3:50  Overlord  
  36  3:59  Overlord  
  36  4:02  Overlord  
  36  4:08  Overlord, Queen  
  36  4:09  Drone x3  
  44  4:10  Drone x3  
  44  4:24  Lair  
  44  4:27  Drone x3  
  44  4:28  Drone x3  
  50  4:39  Evolution Chamber, Roach Warren  
  50  4:40  Drone x2  
  50  4:41  Drone x2  
  50  4:43  Drone  
  53  4:50  Overlord  
  53  4:54  Drone x2  
  53  4:59  Overlord  
  55  5:01  Drone  
  55  5:03  Drone x3  
  55  5:05  Extractor  
  58  5:11  Overlord x2  
  58  5:17  Overlord  
  58  5:22  Roach  
  60  5:29  Roach x4  
  66  5:38  Evolution Chamber  
  66  5:40  Roach  
  66  5:41  Roach x3  
  73  5:47  Roach x2  
  77  5:54  Roach Warren  
  77  5:55  Roach x2  
  80  6:00  Roach  
  82  6:08  Evolution Chamber  
  79  6:14  Overlord  
  79  6:15  Spire  
  78  6:35  Roach x2, Hatchery  
  78  6:36  Roach x4  
  89  6:44  Overlord x2  
  89  6:52  Overlord x2  
  89  6:59  Roach  
  89  7:01  Overlord x2  
  91  7:03  Overlord  
  91  7:10  Ravager x3  
  91  7:12  Roach x4  
  91  7:13  Ravager x2  
  104  7:28  Mutalisk x5  
  114  7:36  Mutalisk  
  116  7:42  Roach Warren  
  113  7:48  Mutalisk x2  
  113  7:50  Zergling x8  
  121  7:54  Evolution Chamber  
  121  7:55  Evolution Chamber  
  114  8:09  Mutalisk  
  114  8:10  Mutalisk  
  90  8:18  Mutalisk  
  58  8:32  Mutalisk  
  27  8:51  Drone x2  
  27  8:52  Drone  
  30  9:05  Drone  
Show
View Real Time Build Order
Export as new Build Order

Scarlett Zerg - Winner!

Build Orders: Pool First 

Get SALT Encoding   

  12  0:18  Spawning Pool  
  11  0:21  Drone  
  11  0:26  Drone  
  13  0:30  Drone  
  14  0:39  Overlord  
  14  1:04  Zergling x4  
  14  1:05  Zergling x2  
  17  1:15  Zergling x2  
  17  1:18  Hatchery  
  17  1:26  Zergling x2  
  18  1:33  Queen  
  18  1:37  Drone  
  21  1:54  Zergling x2  
  21  2:04  Zergling x2  
  20  2:16  Overlord  
  20  2:22  Drone  
  22  2:30  Drone  
  22  2:34  Queen, Drone  
  25  2:41  Queen  
  25  2:42  Overlord  
  25  2:43  Drone x2  
  29  2:53  Drone x2  
  30  3:04  Drone x2  
  32  3:08  Extractor  
  32  3:10  Extractor  
  30  3:13  Drone x2  
  30  3:16  Drone x4  
  36  3:22  Evolution Chamber  
  36  3:26  Drone  
  36  3:27  Drone  
  37  3:37  Overlord  
  37  3:39  Drone  
  38  3:45  Drone x3  
  41  3:50  Drone  
  41  3:51  Zerg Melee Weapons Level 1, Drone  
  41  3:55  Overlord  
  44  4:10  Metabolic Boost, Drone x3  
  44  4:14  Drone x2  
  44  4:15  Drone  
  49  4:20  Zergling x2  
  49  4:21  Zergling x2  
  51  4:29  Roach Warren  
  51  4:31  Drone  
  51  4:34  Hatchery  
  51  4:38  Zergling x6  
  53  4:42  Zergling x4  
  55  4:46  Zergling x6  
  58  4:54  Zergling x2  
  58  4:55  Zergling x2  
  58  4:56  Overlord  
  59  5:11  Hatchery  
  58  5:15  Zergling x14  
  65  5:29  Zergling x4  
  65  5:30  Overlord x2  
  67  5:42  Overlord x5  
  67  5:46  Zerg Ground Armor Level 1  
  67  5:54  Roach  
  67  5:55  Roach x3  
  71  5:59  Roach  
  71  6:01  Roach  
  68  6:06  Roach  
  68  6:07  Roach x2  
  68  6:09  Roach  
  73  6:14  Roach, Zergling x2  
  76  6:23  Zergling x12  
  82  6:28  Zergling x6  
  82  6:31  Ravager x4  
  89  6:32  Zergling x2  
  89  6:41  Zergling x10  
  89  6:45  Ravager  
  95  6:52  Zergling x14  
  95  6:54  Ravager  
  103  6:59  Zergling x2  
  103  7:00  Zergling x6  
  107  7:03  Zergling x2  
  107  7:06  Zergling x4  
  107  7:08  Ravager  
  110  7:18  Zergling x8  
  110  7:19  Zergling x8  
  118  7:28  Ravager, Zergling x10  
  123  7:35  Zergling x10  
  127  7:37  Ravager  
  127  7:43  Zergling x8  
  128  7:46  Zergling x4  
  128  7:51  Zergling x6  
  131  7:54  Ravager  
  119  8:09  Zergling x22  
  99  8:21  Zergling x2  
  99  8:22  Zergling x12  
  99  8:25  Queen  
  78  8:36  Queen  
  68  8:50  Spore Crawler  
  68  8:52  Spore Crawler  
  68  8:53  Spore Crawler  
Tags
 
Add a new tag
Caveats
  • Supply blocks, unpowered buildings, or Contaminate may cause inaccurate times.
  • Supply counts are checked every 10 seconds.